 Dungeon Crawl Stone Soup version 0.23-a0-29-g1be82e5 (webtiles) character file.

547 galech the Chopper (level 7, 0/61 HPs)
             Began as a Minotaur Fighter on Aug 3, 2018.
             Killed by divine providence
             ... invoked by an orc priest
              (13 damage)
             ... on level 4 of the Dungeon.
             The game lasted 00:04:48 (2587 turns).

galech the Chopper (Minotaur Fighter)               Turns: 2587, Time: 00:04:49

Health: 0/61       AC: 15    Str: 21    XL:     7   Next: 7%
Magic:  6/6        EV:  4    Int:  8    God:
Gold:   229        SH: 10    Dex: 11    Spells: 6/6 levels left

rFire    . . .     SeeInvis .   a - +0 war axe
rCold    . . .     Gourm    .   c - +0 shield
rNeg     . . .     Faith    .   s - +0 plate armour
rPois    .         Spirit   .   x - +2 hat
rElec    .         Reflect  .   (no cloak)
rCorr    .         Harm     .   (no gloves)
MR       .....                  p - +0 pair of boots
Stlth    ..........             (no amulet)
HPRegen  0.20/turn              t - +3 ring of intelligence
MPRegen  0.10/turn              (no ring)

@: no status effects
A: retaliatory headbutt, horns 2
a: no special abilities


You were on level 4 of the Dungeon.
You were not hungry.

You visited 1 branch of the dungeon, and saw 5 of its levels.

You collected 229 gold pieces.

Inventory:

Hand Weapons
 a - a +0 war axe (weapon)
Armour
 c - a +0 shield (worn)
 p - a +0 pair of boots (worn)
 s - a +0 plate armour (worn)
 x - a +2 hat (worn)
Jewellery
 t - a +3 ring of intelligence (left hand)
Scrolls
 g - a scroll of fear {unknown}
 h - 2 scrolls of immolation {unknown}
 i - a scroll of blinking {unknown}
 m - a scroll of amnesia {unknown}
 o - a scroll of identify {unknown}
 q - a scroll of enchant armour {unknown}
 r - a scroll of random uselessness {unknown}
 v - a scroll of teleportation {unknown}
Potions
 d - 2 potions of might
 e - 3 potions of flight {unknown}
 j - 2 potions of brilliance {unknown}
 k - a potion of invisibility {unknown}
 l - 2 potions of lignification {unknown}
 n - 2 potions of haste {unknown}
 u - a potion of degeneration {unknown}
 w - a potion of mutation {unknown}
Comestibles
 f - 7 rations


   Skills:
 + Level 5.0 Fighting
 + Level 6.4 Axes
 + Level 5.2 Armour
 + Level 1.2 Dodging
 + Level 0.2 Stealth
 + Level 5.2 Shields


You had 6 spell levels left.
You didn't know any spells.
Your spell library was empty.

Dungeon Overview and Level Annotations

Branches:
Dungeon (5/15)
 Temple: D:4-7

Altars:
Kikubaaqudgha
Ru


Innate Abilities, Weirdness & Mutations

You reflexively headbutt those who attack you in melee.
You have a pair of horns on your head.


Message History

You are too injured to fight recklessly!
You slash the orc!
You kill the orc!
You hit the bullfrog skeleton.
The bullfrog skeleton is lightly damaged.
You block the bullfrog skeleton's attack.
The bullfrog skeleton barely misses you.
You furiously retaliate!
You headbutt the bullfrog skeleton!
Your shield and plate armour prevent you from hitting the bullfrog skeleton.
You headbutt the bullfrog skeleton!
The bullfrog skeleton is severely damaged.
You block the bullfrog skeleton's attack.
The orc priest invokes the aid of Beogh against you.
Beogh smites you!
* * * LOW HITPOINT WARNING * * *
You slash the bullfrog skeleton!
You destroy the bullfrog skeleton!
The orc priest mumbles some strange prayers to Beogh against you.
Beogh smites you!
You die...

## .. .#
#################..#...
#..............@o...#
#.##.........#####..[#
##.##.........# ..#
#...'.........# #
#..##.........#
..>............#
#...))..........#
.#+#..........#.#
..............#


You could see an orc priest.

Vanquished Creatures
  An ogre (D:4)
  A scorpion (D:3)
  A howler monkey (D:4)
  An orc priest (D:3)
  Jessica (D:2)
  A bullfrog skeleton (D:4)
  Terence (D:2)
  An orc wizard (D:4)
  Natasha (thrice) (D:2)
  4 gnolls (D:3)
  3 adders
  3 worms
  3 dart slugs
  2 leopard geckos (D:1)
  7 orcs
  6 bats
  5 giant cockroaches
  7 goblins
  6 hobgoblins
  8 jackals
  4 quokkas
  6 frilled lizards
  8 kobolds
  6 rats
89 creatures vanquished.

Vanquished Creatures (others)
  A human (D:2)
1 creature vanquished.

Grand Total: 90 creatures vanquished

Notes
Turn   | Place    | Note
-------+----------+-------------------------------------------
     0 | D:1      | galech the Minotaur Fighter began the quest for the Orb.
     0 | D:1      | Reached XP level 1. HP: 19/19 MP: 0/0
   166 | D:1      | You fall through a shaft!
   166 | D:2      | Found an ancient bone altar of Kikubaaqudgha.
   166 | D:2      | Noticed a human
   176 | D:2      | Killed a human
   208 | D:2      | Noticed Jessica
   210 | D:2      | Killed Jessica
   210 | D:2      | Reached XP level 2. HP: 27/27 MP: 1/1
   210 | D:2      | Reached XP level 3. HP: 33/33 MP: 2/2
   343 | D:1      | Reached skill level 1 in Dodging
   381 | D:1      | Reached skill level 3 in Axes
   388 | D:1      | Reached XP level 4. HP: 40/41 MP: 3/3
   962 | D:2      | Noticed Terence
   965 | D:2      | Killed Terence
  1246 | D:2      | Noticed Natasha
  1250 | D:2      | Killed Natasha
  1250 | D:2      | Reached skill level 4 in Axes
  1276 | D:2      | Reached XP level 5. HP: 45/47 MP: 4/4
  1582 | D:2      | Noticed Natasha
  1587 | D:2      | Killed Natasha
  1807 | D:2      | Noticed Natasha
  1813 | D:2      | Killed Natasha
  1900 | D:3      | Found a sacrificial altar of Ru.
  2049 | D:3      | Reached skill level 5 in Axes
  2049 | D:3      | Reached skill level 5 in Armour
  2049 | D:3      | Reached XP level 6. HP: 54/55 MP: 5/5
  2365 | D:3      | You fall through a shaft for 2 floors!
  2365 | D:5      | Entered Level 5 of the Dungeon
  2529 | D:4      | Reached skill level 5 in Fighting
  2529 | D:4      | Reached skill level 6 in Axes
  2529 | D:4      | Reached skill level 5 in Shields
  2580 | D:4      | Reached XP level 7. HP: 54/61 MP: 6/6
  2587 | D:4      | Killed from afar by an orc priest

Vault maps used:
D:1:      eino_arrival_water_star
D:2:      tgw_kikubaaqudgha, uniq_terence, uniq_natasha, uniq_jessica
D:3:      wad_crossroads, lemuel_crystal_altar, first_ration
D:4:      serial_shops, shop_statue, minmay_misc_feat_chi, uniq_duvessa

Skill      XL: |  1  2  3  4  5  6 |
---------------+-------------------+-----
Fighting       | 4 5 |  5.0
Armour         | 4 5 |  5.2
Shields        | 4 5 |  5.2
Dodging        | 1 |  1.2
Axes           | 3 4 5 6 |  6.4
Stealth        | |  0.2

Action                   |  1- 3 |  4- 6 |  7- 9 || total
-------------------------+-------+-------+-------++-------
Melee: War axe           |    61 |   155 |     7 ||   223
       Headbutt          |     6 |    26 |     4 ||    36
  Eat: Chunk             |       |     6 |       ||     6
Armor: Scale mail        |    39 |    19 |       ||    58
       Plate armour      |       |    76 |     2 ||    78
Dodge: Dodged            |    21 |    27 |     1 ||    49
Block: Shield            |    21 |    85 |     4 ||   110

Table legend:
 A = Spawn XP
 B = Non-spawn XP
 C = Spawn XP percentage of total XP
 D = Spawn monster count
 E = Non-spawn monster count
 F = Spawn count percentage of total count
 G = Total turns spent on level
                    A         B        C        D         E        F      G
               +---------+---------+-------+---------+---------+-------+---------
         Total |       0 |     782 |   0.0 |       0 |      89 |   0.0 |  2587
               +---------+---------+-------+---------+---------+-------+---------
           D:1 |       0 |      48 |   0.0 |       0 |      27 |   0.0 |   745
           D:2 |       0 |     223 |   0.0 |       0 |      21 |   0.0 |  1088
           D:3 |       0 |     233 |   0.0 |       0 |      30 |   0.0 |   609
           D:4 |       0 |     264 |   0.0 |       0 |      10 |   0.0 |   107
           D:5 |       0 |      14 |   0.0 |       0 |       1 |   0.0 |    38
               +---------+---------+-------+---------+---------+-------+---------
